Map: Dusk Towers

Players

capac

  • Race: Terran Terran
  • League: Gold

keops - Winner!

  • Race: Protoss Protoss

VOD

Have the link to the VOD?

Description

Time

  • Played on: Dec. 1, 2015, 3:47 p.m.
  • Length: 50:29
Show
View Real Time Build Order
Export as new Build Order

capac Terran 

Build Orders: MMM Bio 

Get SALT Encoding   

  12  0:00  SCV  
  13  0:13  SCV  
  14  0:17  Supply Depot  
  14  0:25  SCV  
  15  0:39  SCV  
  15  0:41  Barracks  
  16  0:45  Refinery  
  16  0:51  SCV  
  17  1:03  SCV  
  18  1:15  SCV  
  19  1:28  Orbital Command  
  19  1:37  Barracks Reactor  
  19  1:44  Supply Depot  
  19  1:56  Command Center  
  19  1:58  SCV  
  20  2:09  Factory  
  20  2:13  SCV  
  20  2:15  Marine  
  22  2:16  Marine  
  23  2:26  SCV  
  23  2:27  Refinery  
  24  2:33  Marine  
  24  2:34  Marine  
  26  2:38  SCV  
  26  2:40  Supply Depot  
  27  2:50  Marine, SCV  
  29  2:51  Marine  
  29  3:03  Starport  
  29  3:08  SCV x2  
  29  3:09  Marine x2  
  33  3:14  Factory Tech Lab  
  33  3:20  SCV  
  33  3:25  Orbital Command  
  34  3:28  Marine  
  34  3:31  Marine  
  36  3:37  SCV  
  37  3:44  Medivac  
  39  3:49  SCV  
  39  3:52  Engineering Bay  
  40  3:56  SCV  
  40  4:01  SCV  
  42  4:04  Siege Tank  
  45  4:25  Starport Reactor  
  45  4:28  Barracks x2  
  45  4:35  Missile Turret  
  45  4:41  Missile Turret  
  45  4:43  Marine x2  
  47  4:47  Siege Tank  
  47  4:50  Terran Infantry Weapons Level 1  
  47  4:51  SCV x2  
  52  4:56  Supply Depot  
  52  4:57  Supply Depot  
  52  4:59  Refinery  
  52  5:03  SCV x2  
  54  5:10  Marine, Missile Turret  
  54  5:11  Marine  
  51  5:15  SCV  
  47  5:26  Missile Turret  
  44  5:36  Missile Turret  
  44  5:43  SCV x2  
  44  5:45  Marine  
  47  5:55  SCV  
  47  5:56  Barracks Tech Lab  
  48  5:57  Barracks Tech Lab  
  48  5:59  SCV  
  49  6:11  Medivac  
  51  6:18  SCV x2  
  53  6:29  Stimpack  
  53  6:30  SCV x2  
  55  6:33  Combat Shields  
  55  6:42  SCV  
  56  6:47  Marauder x2  
  56  6:52  Marine x2  
  62  6:55  SCV x2  
  64  7:02  Medivac x2  
  64  7:05  Terran Infantry Armor Level 1  
  68  7:11  Supply Depot, Marauder  
  70  7:19  Marine  
  70  7:20  Marauder, Marine  
  70  7:21  SCV x2  
  76  7:26  Refinery  
  76  7:28  Supply Depot  
  76  7:31  Engineering Bay  
  76  7:32  Siege Tank  
  76  7:34  Marauder  
  81  7:38  SCV x2  
  81  7:40  Supply Depot  
  83  7:45  Liberator  
  83  7:49  Marine  
  83  7:50  Marine x2, SCV  
  83  7:51  SCV  
  88  7:56  Marauder  
  90  8:02  Armory  
  93  8:07  Marine x2  
  93  8:08  Marauder, SCV  
  93  8:12  SCV  
  99  8:17  Marauder  
  101  8:22  SCV  
  101  8:25  Marine  
  103  8:29  Marauder, SCV  
  107  8:34  SCV  
  107  8:44  Liberator  
  110  9:11  Supply Depot  
  110  9:17  Liberator  
  110  9:20  Terran Infantry Weapons Level 2  
  110  9:22  Terran Infantry Armor Level 2  
  110  9:24  Terran Vehicle Weapons Level 1  
  110  9:27  Supply Depot  
  110  9:33  Supply Depot, Marauder x2, Marine x2, SCV x2  
  121  9:50  Marine x2  
  121  9:52  Supply Depot  
  123  9:55  Marauder x2  
  127  10:07  Barracks  
  127  10:09  Barracks  
  127  10:14  Barracks  
  127  10:16  Marauder  
  129  10:32  Supply Depot  
  129  10:33  Marine x2  
  129  10:34  Starport  
  131  10:40  Siege Tank  
  134  11:09  Barracks Tech Lab, Command Center  
  134  11:10  Barracks Reactor  
  134  11:11  Barracks Reactor  
  110  12:13  Marine  
  110  12:14  Marine x2  
  62  12:33  Marine x5  
  62  12:34  Marine  
  62  12:35  Marauder  
  62  12:36  Marauder x2, Siege Tank  
  74  12:41  Liberator  
  74  12:42  Liberator, Missile Turret  
  74  12:43  SCV x2  
  76  12:45  Orbital Command  
  76  12:50  Supply Depot  
  76  12:51  Terran Infantry Weapons Level 3  
  76  12:52  Supply Depot  
  76  12:53  Terran Infantry Armor Level 3  
  76  12:56  Starport Reactor  
  76  12:57  Marauder  
  84  13:11  Siege Tank  
  84  13:12  SCV x2  
  87  13:21  Marine x5  
  87  13:22  Marine  
  87  13:23  Marauder x2  
  97  13:27  Marauder  
  99  13:34  Refinery  
  99  13:36  Refinery  
  99  13:39  Marine x4  
  103  13:53  Marine x2  
  106  13:58  Marauder x3, Marine x2  
  106  13:59  Marine x2  
  106  14:01  SCV  
  116  14:10  Marine  
  116  14:12  Liberator x3  
  116  14:13  Liberator  
  116  14:14  Supply Depot  
  117  14:19  Marauder  
  119  14:24  Siege Tank  
  134  14:32  Marine x3  
  137  14:38  Marine x2  
  137  14:39  Marine  
  137  14:40  Marine  
  141  14:48  Supply Depot  
  137  15:19  Marine x2  
  137  15:20  Marine x4  
  138  15:39  Liberator x2  
  138  15:41  Marine, SCV x3  
  138  15:42  Marine x5  
  142  15:43  Marauder x2  
  147  15:50  Siege Tank  
  147  15:52  Marauder  
  158  16:04  Medivac x2  
  162  16:11  Command Center  
  162  16:16  Command Center  
  162  16:19  Marine x2  
  162  16:20  Marine x3  
  162  16:21  Marauder x3  
  162  16:22  Siege Tank  
  176  16:45  Liberator x2  
  176  16:59  Marine x5  
  176  17:00  Marauder, Marine  
  176  17:01  Marauder x2  
  191  17:22  Marauder  
  189  17:41  Marine  
  189  17:42  Marine x6  
  189  17:43  Marauder x2  
  157  18:24  Marine x6  
  157  18:25  Marauder, Marine  
  132  18:42  Liberator  
  132  18:43  Marine x5, Liberator x3  
  132  18:44  Marine x3  
  111  18:49  Marine  
  108  19:01  Marine x2  
  116  19:21  Marine x3  
  116  19:22  Marine x4  
  116  19:23  Marauder  
  124  19:31  Siege Tank  
  127  19:44  Marine  
  127  19:45  Marine x3  
  129  20:12  Marine x2  
  129  20:13  Marine x5  
  129  20:43  Marine x3  
  129  20:44  Marine x4  
  128  20:56  Medivac  
  105  21:13  Marine x2  
  105  21:14  Marine  
  110  21:25  Marauder  
  110  21:50  Planetary Fortress  
  110  22:02  Refinery, Marauder x3, Marine  
  110  22:03  Marine x2  
  119  22:10  Medivac  
  119  22:11  Medivac  
  123  22:19  Orbital Command  
  123  22:23  Marauder  
  123  22:27  Refinery  
  125  22:31  Marine x3  
  128  22:44  Marine x4  
  128  22:45  Marauder x2  
  136  22:57  Refinery, Marine x3  
  139  23:02  Marine x3  
  139  23:03  Refinery, Marauder, SCV  
  145  23:07  Marauder x2  
  149  23:15  Marine, SCV  
  149  23:17  Marine x2  
  149  23:19  Marine  
  153  23:20  Marine x2  
  153  23:24  Marauder  
  158  23:27  Marine, SCV  
  158  23:28  Marauder  
  158  23:32  Marine  
  163  23:34  Marine  
  163  23:35  Marine  
  163  23:39  SCV  
  166  23:42  Marine x3  
  166  23:45  Marauder  
  166  23:46  Marauder  
  173  23:50  Marauder, Marine  
  176  23:56  Medivac  
  176  23:57  Medivac  
  180  24:06  Marine x2  
  180  24:07  Marine x2  
  180  24:08  Marauder x2, Marine x2  
  190  24:11  Marauder  
  192  24:25  Factory  
  192  24:29  Marauder x2, Liberator  
  192  24:30  Barracks  
  196  24:33  Factory  
  62  25:39  Marine x5  
  62  25:40  Marauder, Marine x2  
  62  25:41  Marauder  
  62  25:42  Siege Tank  
  76  25:44  Factory Tech Lab  
  76  25:45  Factory Tech Lab  
  76  25:50  Barracks Reactor  
  76  25:51  Medivac x3  
  76  25:52  Medivac  
  76  25:57  Marine x3  
  84  25:58  Marauder  
  84  26:02  Marauder x2  
  84  26:04  Missile Turret  
  91  26:15  Marine x3  
  91  26:16  Marine x3  
  97  26:19  Siege Tank  
  97  26:20  Marauder  
  97  26:21  Siege Tank  
  97  26:22  Siege Tank  
  97  26:23  Marauder x2  
  110  26:41  Marauder  
  112  27:00  Orbital Command  
  112  27:04  Viking  
  114  27:47  Marauder x3  
  114  27:48  Marine  
  121  28:32  Marine x2  
  121  28:33  Marine x5  
  121  28:34  Marine  
  129  28:35  Marauder x3  
  135  28:43  SCV x3  
  138  28:50  Marine x3  
  138  28:51  Marine  
  142  28:56  Marauder x3, Marine  
  142  28:57  Marine x3  
  152  29:08  Marine x3  
  150  29:17  Marauder  
  150  29:18  Marauder  
  149  29:38  Marine x6  
  150  29:39  Marine x2  
  155  29:59  Marine x3  
  157  30:00  Marine x4  
  157  30:01  Marauder  
  151  30:30  Marine x3  
  151  30:31  Marine  
  151  30:32  Viking  
  148  30:57  Orbital Command  
  148  31:03  Medivac x2  
  152  31:26  Missile Turret  
  152  31:33  Refinery  
  152  31:38  Viking x3  
  158  31:53  Refinery  
  158  31:55  Viking  
  152  32:31  Missile Turret  
  152  32:33  Missile Turret  
  152  32:36  Missile Turret  
  152  32:45  Liberator x4  
  152  32:49  Supply Depot  
  152  32:51  Supply Depot  
  152  32:52  Supply Depot  
  152  32:54  Supply Depot  
  152  33:01  Marine  
  165  33:19  Missile Turret  
  165  33:30  Command Center  
  165  33:31  Command Center  
  147  34:01  Medivac x2  
  151  34:47  Missile Turret  
  151  35:00  Supply Depot  
  151  35:01  Supply Depot  
  151  35:13  Marauder x2  
  151  35:14  Marauder  
  157  35:15  Marine x6  
  157  35:16  Marine x2  
  165  35:27  Viking x3  
  165  35:28  Viking  
  173  35:35  Marauder x3  
  174  35:58  Orbital Command  
  174  36:05  Orbital Command  
  174  37:12  Liberator  
  174  37:13  Liberator  
  172  37:28  Viking x2  
  165  38:28  Medivac x3  
  171  38:36  Supply Depot  
  171  38:40  Command Center  
  171  39:07  Orbital Command  
  167  40:55  Siege Tank x3  
  142  42:09  Viking  
  142  42:10  Viking x3  
  146  42:33  Marine x3  
  146  42:34  Marine x3  
  146  42:35  Marauder  
  151  42:39  Viking x2  
  151  42:40  Viking  
  157  42:48  SCV  
  158  42:52  Marauder x2  
  158  42:56  Marauder  
  158  42:57  Marine  
  158  42:58  Marine x3  
  167  43:00  SCV  
  169  43:07  Marine  
  169  43:08  Marine x3  
  173  43:13  Viking x2  
  173  43:14  Marauder x2  
  173  43:15  Marine  
  173  43:17  Marauder  
  113  44:12  Marine x6  
  113  44:13  Marauder, Marine  
  113  44:14  Marauder  
  124  44:17  Viking x2  
  118  44:47  Marine x3  
  118  44:48  Marine x5  
  118  44:51  Marine x3  
  129  45:09  Marine x5  
  129  45:10  Marine x4  
  138  45:26  Marine x2  
  138  45:27  Marine x3  
  138  45:28  Marine  
  144  46:16  Refinery  
  144  46:18  Refinery  
  144  46:41  Viking x4  
  152  47:00  Marine x3  
  152  47:01  Marine x4  
  156  47:02  Marine x2  
  156  47:03  Marine x2  
  163  47:11  Viking x3  
  169  47:18  Marine x2  
  171  47:26  Viking  
  173  47:41  Viking  
  175  48:00  Viking x3  
  181  48:11  Viking  
Show
View Real Time Build Order
Export as new Build Order

keops Protoss - Winner!

Build Orders: 1 Gate Expand, Oracle Opening 

Get SALT Encoding   

  12  0:01  Probe (Chrono Boost)  
  13  0:12  Probe (Chrono Boost)  
  14  0:23  Pylon  
  14  0:26  Probe (Chrono Boost)  
  15  0:41  Probe (Chrono Boost)  
  16  0:45  Gateway  
  16  0:52  Probe (Chrono Boost)  
  16  0:53  Assimilator  
  17  1:02  Assimilator  
  17  1:03  Probe (Chrono Boost)  
  18  1:13  Probe (Chrono Boost)  
  19  1:33  Nexus  
  19  1:41  Cybernetics Core  
  19  1:45  Probe (Chrono Boost)  
  20  1:55  Probe (Chrono Boost)  
  21  2:06  Probe (Chrono Boost)  
  21  2:08  Pylon  
  22  2:16  Probe (Chrono Boost)  
  22  2:20  Pylon  
  23  2:25  Warp Gate  
  23  2:27  Mothership Core (Chrono Boost)  
  25  2:30  Adept  
  27  2:48  Probe x2 (Chrono Boost)  
  29  2:55  Pylon  
  29  3:03  Probe (Chrono Boost)  
  29  3:04  Probe (Chrono Boost)  
  31  3:09  Stargate  
  31  3:12  Robotics Facility  
  31  3:23  Probe (Chrono Boost), Pylon  
  31  3:24  Probe (Chrono Boost)  
  34  3:34  Probe x2 (Chrono Boost)  
  35  3:45  Probe (Chrono Boost)  
  36  3:53  Oracle (Chrono Boost)  
  39  4:04  Probe  
  39  4:06  Probe  
  41  4:11  Pylon  
  41  4:15  Probe  
  42  4:18  Probe  
  42  4:22  Gateway, Forge  
  43  4:25  Probe, Oracle (Chrono Boost)  
  43  4:27  Gateway  
  43  4:30  Pylon  
  47  4:36  Pylon  
  47  4:41  Pylon  
  47  4:42  Assimilator  
  47  4:45  Observer  
  48  4:47  Assimilator  
  48  4:55  Gateway  
  48  5:01  Gateway  
  48  5:04  Gateway  
  48  5:06  Immortal  
  49  5:42  Probe  
  49  5:43  Probe  
  49  5:47  Protoss Ground Weapons Level 1  
  51  5:52  Probe  
  51  5:55  Probe  
  53  5:59  Immortal  
  53  6:03  Probe  
  58  6:11  Photon Cannon  
  58  6:15  Photon Cannon  
  58  6:16  Pylon  
  58  6:27  Robotics Bay  
  58  6:31  Pylon  
  58  6:33  Stalker  
  58  6:34  Stalker x2  
  58  6:35  Stalker  
  58  6:38  Immortal (Chrono Boost), Pylon  
  70  6:40  Pylon  
  70  6:43  Pylon  
  70  6:53  Probe x2  
  72  7:05  Probe x2  
  74  7:11  Nexus  
  74  7:14  Pylon x2  
  74  7:17  Pylon  
  74  7:18  Pylon  
  74  7:21  Assimilator  
  74  7:23  Stalker x2  
  74  7:25  Assimilator  
  74  7:27  Protoss Ground Armor Level 1  
  74  7:29  Stalker x2  
  82  7:37  Disruptor (Chrono Boost)  
  85  7:40  Gravitic Drive  
  85  7:47  Photon Cannon  
  85  7:48  Photon Cannon  
  85  7:54  Gateway  
  85  7:56  Gateway  
  85  8:02  Photon Cannon  
  85  8:04  Probe x2  
  87  8:16  Probe  
  87  8:17  Probe  
  89  8:24  Twilight Council  
  89  8:25  Gateway  
  89  8:27  Gateway  
  89  8:34  Gateway  
  89  8:40  Gateway  
  84  9:17  Probe  
  84  9:18  Probe  
  84  9:19  Probe  
  84  9:20  Protoss Ground Weapons Level 2, Oracle  
  90  9:25  Blink  
  90  9:35  Disruptor (Chrono Boost)  
  93  9:41  Stalker x3  
  93  9:42  Stalker x4  
  93  9:43  Stalker  
  109  9:45  Adept  
  109  9:46  Adept  
  109  9:48  Adept  
  109  9:51  Probe  
  109  9:52  Probe  
  117  9:56  Oracle  
  120  10:06  Disruptor (Chrono Boost)  
  123  10:19  Stalker x2  
  123  10:20  Stalker  
  129  10:21  Adept  
  129  10:22  Adept x2  
  129  10:23  Adept x2  
  129  10:24  Adept  
  141  10:37  Pylon x2  
  144  10:50  Disruptor (Chrono Boost)  
  144  11:04  Forge  
  144  11:11  Templar Archives  
  144  11:18  Pylon, Protoss Ground Armor Level 2, Adept x4  
  148  11:20  Adept  
  148  11:21  Disruptor (Chrono Boost)  
  147  11:52  Disruptor (Chrono Boost)  
  110  12:04  Stalker x3  
  110  12:05  Stalker x3  
  89  12:29  Stalker x4  
  93  12:30  Stalker x4  
  93  12:31  Stalker x4  
  93  12:36  Probe x2  
  111  12:50  Nexus  
  111  12:53  Pylon  
  111  12:54  Pylon  
  111  12:57  Pylon  
  111  13:00  Assimilator  
  111  13:01  Disruptor (Chrono Boost)  
  114  13:05  Oracle  
  114  13:06  Assimilator  
  117  13:28  Probe x2  
  117  13:32  Disruptor (Chrono Boost)  
  122  13:51  Psionic Storm  
  122  14:03  Disruptor (Chrono Boost)  
  125  14:21  Probe  
  125  14:22  Probe  
  125  14:23  Probe x2  
  129  14:32  Probe  
  129  14:35  Probe  
  131  14:51  Nexus  
  129  14:54  Pylon  
  129  14:55  Pylon  
  129  14:56  Pylon  
  129  14:59  Assimilator  
  123  15:05  Assimilator  
  97  15:50  High Templar x2  
  97  15:51  High Templar x5  
  97  15:52  High Templar x5  
  97  15:56  Archon  
  97  15:57  Archon x4  
  121  15:58  Archon  
  121  16:08  Gateway  
  121  16:10  Gateway  
  121  16:11  Gateway  
  121  16:13  Gateway  
  121  16:23  Photon Cannon  
  121  16:26  Photon Cannon  
  121  16:27  Photon Cannon  
  121  16:30  Photon Cannon  
  121  16:34  Protoss Ground Armor Level 3 (Chrono Boost), Protoss Ground Weapons Level 3 (Chrono Boost)  
  121  16:35  Disruptor (Chrono Boost)  
  121  16:44  Stalker x3  
  121  16:45  Stalker  
  121  16:46  Stalker x2  
  121  16:47  Stalker x4  
  138  16:48  Stalker x2  
  148  17:06  Disruptor  
  149  17:24  Stalker x2  
  149  17:25  Stalker  
  146  17:42  Stalker x3  
  146  17:43  Stalker  
  124  18:24  Stalker x4  
  124  18:25  Stalker x4  
  124  18:26  Stalker x4  
  113  19:11  Nexus  
  113  19:12  Assimilator  
  113  19:14  Colossus, Pylon  
  113  19:15  Pylon x2  
  113  19:16  Pylon  
  113  19:48  High Templar x4  
  113  19:49  High Templar x5  
  113  19:50  High Templar x3  
  137  19:57  Archon  
  137  19:58  Archon x4  
  137  19:59  Archon  
  137  20:01  Colossus  
  137  20:03  Probe  
  110  20:29  Stalker x2  
  110  20:30  Stalker x5  
  110  20:31  Stalker x3  
  110  20:32  Stalker  
  118  20:50  Disruptor  
  121  21:15  Oracle  
  124  21:19  Extended Thermal Lance  
  124  21:22  High Templar  
  124  21:24  Probe x2  
  124  21:25  Probe x2  
  128  21:26  Probe  
  131  21:34  Probe  
  131  21:37  Probe x2  
  134  21:51  Oracle  
  137  21:54  Gateway  
  137  22:00  Gateway  
  137  22:01  Photon Cannon  
  137  22:03  Photon Cannon  
  137  22:05  Photon Cannon  
  137  22:13  Nexus  
  137  22:17  Assimilator  
  137  22:20  Assimilator  
  137  22:25  Disruptor  
  137  22:31  Nexus  
  137  22:32  Stalker  
  137  22:33  High Templar  
  137  22:34  High Templar  
  137  22:35  Assimilator  
  146  22:37  Zealot x3  
  146  22:38  Zealot x5  
  146  22:39  Zealot x4, Assimilator  
  146  22:40  Zealot  
  172  22:44  Charge  
  172  22:56  Disruptor  
  172  23:02  Pylon  
  175  23:16  Dark Shrine  
  175  23:21  Gateway  
  175  23:23  Gateway  
  175  23:25  Gateway  
  175  23:27  Disruptor  
  178  23:58  Warp Prism  
  180  24:23  Pylon  
  180  24:24  Pylon  
  180  24:27  Pylon  
  180  24:30  Dark Templar x3  
  180  24:31  Dark Templar, Pylon  
  188  24:33  Pylon  
  118  25:37  Dark Templar x3  
  118  25:38  Dark Templar  
  126  25:50  Nexus  
  126  25:52  Assimilator  
  126  26:50  Protoss Shields Level 1 (Chrono Boost), Resonating Glaives  
  126  26:52  Zealot x3  
  126  26:53  Zealot x3  
  126  26:54  Zealot  
  140  26:55  High Templar  
  140  26:56  High Templar x4  
  140  26:57  High Templar x4  
  140  26:58  High Templar x3  
  164  27:03  Archon  
  164  27:04  Archon x4  
  164  27:05  Archon  
  164  27:42  Nexus  
  164  28:01  Fleet Beacon  
  164  28:05  Cybernetics Core  
  164  28:19  Stargate  
  164  28:21  Stargate  
  164  28:24  Stargate  
  164  28:27  Stargate  
  164  28:30  Stargate  
  164  28:32  Stargate  
  164  28:35  Stargate  
  164  28:37  Mothership Core  
  164  28:40  Stargate  
  166  28:47  Oracle  
  169  29:08  Dark Templar x2  
  159  29:20  Dark Templar  
  159  29:22  Dark Templar, Oracle  
  157  29:37  Dark Templar  
  145  29:39  Zealot x4  
  145  29:40  Zealot x2  
  143  29:49  Dark Templar  
  143  29:51  Zealot x3  
  143  29:52  Zealot x3  
  152  29:53  Zealot x3  
  152  29:54  Zealot x2  
  152  29:55  Zealot  
  129  30:50  Nexus  
  129  30:52  Assimilator  
  135  31:16  Oracle  
  135  31:17  Carrier x2  
  150  31:22  Probe  
  150  31:23  Probe x3  
  154  31:26  Probe  
  154  31:32  Probe  
  155  31:35  Probe x3  
  155  31:36  Probe  
  160  31:43  Probe  
  160  31:45  Assimilator  
  161  31:47  Probe x2  
  161  31:50  Assimilator  
  163  31:56  Protoss Shields Level 2 (Chrono Boost)  
  163  32:01  Protoss Air Weapons Level 1 (Chrono Boost)  
  163  32:02  Graviton Catapult  
  163  32:05  Protoss Air Armor Level 1 (Chrono Boost)  
  161  32:27  Dark Templar  
  161  32:28  Dark Templar  
  163  32:30  Zealot x5  
  163  32:31  Zealot x4  
  163  32:32  Zealot  
  163  32:33  Zealot x2  
  163  32:34  Zealot x3  
  163  32:35  Zealot x2  
  197  32:51  Probe  
  197  32:52  Probe x2  
  160  33:52  Zealot x4  
  160  33:54  Dark Templar x2  
  172  34:06  Zealot x3  
  166  34:25  Dark Templar  
  166  34:26  Dark Templar  
  160  34:42  Carrier x3  
  160  34:43  Carrier x3  
  192  35:22  Protoss Shields Level 3  
  192  35:29  Carrier  
  198  35:38  Protoss Air Armor Level 2 (Chrono Boost), Protoss Air Weapons Level 2 (Chrono Boost)  
  176  35:50  Pylon  
  176  35:51  Pylon  
  176  35:53  Pylon  
  176  35:57  Pylon  
  176  36:17  Carrier  
  167  37:32  Dark Templar  
  157  37:43  Carrier x2  
  127  37:57  Carrier  
  133  38:09  Nexus  
  133  38:16  Nexus  
  133  38:17  Assimilator  
  133  38:18  Assimilator  
  131  38:33  Pylon x2  
  131  38:36  Pylon  
  131  38:38  Pylon  
  131  38:50  Tempest  
  109  39:31  Probe x2  
  109  39:32  Probe x2  
  109  39:34  Probe  
  114  39:43  Probe  
  115  40:22  Probe x2  
  115  40:23  Probe x3  
  120  40:32  Probe  
  120  40:33  Assimilator  
  120  40:34  Nexus  
  120  40:35  Probe x4  
  124  40:39  Colossus  
  131  40:43  Probe  
  131  40:46  Nexus  
  131  40:47  Probe x3  
  131  40:48  Probe  
  131  40:49  Assimilator  
  136  40:53  Probe  
  136  40:55  Assimilator  
  137  40:59  Probe x3  
  137  41:00  Probe  
  141  41:04  Probe  
  141  41:09  Assimilator  
  141  41:11  Probe x3, Assimilator  
  144  41:12  Probe  
  146  42:39  Probe x2  
  146  42:40  Probe x3  
  135  44:14  Carrier x2  
  139  44:48  Nexus  
  139  44:53  Tempest  
  139  44:54  Tempest  
  147  45:42  Nexus  
  147  45:46  Assimilator  
  147  45:48  Assimilator  
  145  46:53  Oracle  
  145  46:54  Carrier x4  
  167  49:19  High Templar x3  
  167  49:20  High Templar x2  
Tags
 
Add a new tag
Caveats
  • Supply blocks, unpowered buildings, or Contaminate may cause inaccurate times.
  • Supply counts are checked every 10 seconds.